Map: Golden Wall LE

Players

Hydra

  • Race: Zerg Zerg
  • Spawn Location: 5:00

xTen - Winner!

  • Race: Terran Terran
  • Spawn Location: 7:00

VOD

Have the link to the VOD?

Description

Time

  • Played on: Sept. 18, 2020, 4:33 p.m.
  • Length: 18:29
Show
View Real Time Build Order
Export as new Build Order

Hydra Zerg 

Build Orders: Pool First 

Get SALT Encoding   

  12  0:02  Drone  
  13  0:13  Overlord  
  13  0:18  Drone  
  14  0:34  Spawning Pool  
  13  0:39  Drone  
  14  1:13  Drone x3  
  17  1:23  Roach Warren  
  16  1:30  Extractor  
  15  1:35  Extractor  
  14  1:47  Drone x3  
  14  1:48  Hatchery  
  16  2:02  Queen  
  16  2:04  Drone  
  19  2:20  Roach  
  21  2:26  Drone  
  22  2:38  Pneumatized Carapace  
  22  2:57  Overlord x2  
  22  2:58  Overlord  
  22  3:05  Queen  
  24  3:08  Drone  
  25  3:46  Roach  
  25  3:47  Roach x5  
  37  4:21  Roach  
  37  4:22  Roach x5  
  49  4:37  Roach  
  51  5:21  Lair  
  51  5:54  Drone  
  52  6:03  Hatchery  
  51  6:12  Hatchery  
  50  6:33  Hydralisk Den  
  49  6:43  Drone  
  49  6:44  Drone x2  
  49  6:46  Overlord x4  
  38  7:20  Ravager  
  24  7:39  Roach x7  
  24  7:40  Roach  
  40  7:45  Drone x2  
  40  7:47  Drone  
  43  7:59  Grooved Spines  
  43  8:08  Drone  
  43  8:09  Drone  
  45  8:33  Drone  
  46  8:34  Drone x7  
  53  8:58  Drone x2  
  53  9:02  Drone x3  
  58  9:10  Roach  
  58  9:11  Muscular Augments, Roach x7  
  58  9:14  Roach  
  76  9:37  Roach x2  
  76  9:38  Roach x4  
  88  9:39  Overlord  
  88  9:40  Overlord x2  
  88  9:57  Queen  
  90  10:13  Hydralisk  
  90  10:14  Hydralisk x8  
  108  11:07  Hydralisk  
  108  11:08  Hydralisk  
  108  11:10  Overlord  
  108  11:11  Overlord x9  
  78  11:57  Hydralisk  
  78  11:58  Hydralisk x17  
  102  12:12  Spire  
  101  12:20  Baneling Nest  
  101  12:30  Zergling x20  
  110  13:02  Zergling x22  
  110  13:03  Zergling x4  
  78  13:38  Baneling x2  
  78  13:39  Baneling x5  
  78  13:40  Baneling x5  
  78  13:41  Baneling x5  
  78  13:42  Baneling x2  
  78  13:44  Zergling x2  
  78  13:45  Zergling x28  
  78  13:46  Queen  
  95  14:10  Zergling x14  
  95  14:11  Zergling x2  
  94  14:43  Mutalisk  
  94  14:44  Zergling x14  
  94  14:45  Zergling x10  
  89  14:50  Centrifical Hooks  
  89  14:52  Metabolic Boost  
  86  14:56  Zergling x2  
  86  14:57  Zergling x10  
  86  15:16  Extractor  
  85  15:22  Extractor  
  78  15:29  Extractor  
  78  15:32  Hydralisk  
  78  15:33  Hydralisk x7  
  93  15:36  Extractor, Zergling x2  
  93  15:37  Zergling x10  
  93  15:40  Extractor  
  85  16:00  Zergling x20  
  95  16:13  Baneling  
  95  16:14  Baneling x2  
  95  16:49  Zergling x2  
  95  16:50  Zergling x30  
  111  16:57  Baneling x5  
  111  16:58  Baneling x4  
  111  16:59  Baneling  
  41  17:46  Mutalisk  
  41  17:47  Mutalisk x5  
Show
View Real Time Build Order
Export as new Build Order

xTen Terran - Winner!

Build Orders:  

Get SALT Encoding   

  12  0:04  SCV  
  13  0:16  SCV  
  14  0:26  Supply Depot  
  14  0:30  SCV  
  15  0:36  Supply Depot  
  15  0:48  SCV  
  16  0:52  Refinery  
  16  0:59  Barracks  
  16  1:00  SCV  
  17  1:15  SCV  
  17  1:17  Barracks  
  18  1:34  SCV  
  19  1:45  Supply Depot  
  19  1:46  SCV  
  20  1:51  Marine  
  21  1:59  Orbital Command  
  21  2:08  Marine  
  21  2:11  Barracks Tech Lab  
  21  2:14  Barracks  
  22  2:24  Refinery  
  22  2:39  Supply Depot  
  22  2:40  SCV  
  22  2:42  Barracks Reactor  
  23  2:45  Marine  
  23  2:48  Combat Shield  
  24  2:56  SCV  
  25  3:03  Marine  
  25  3:04  Barracks Reactor  
  26  3:35  Engineering Bay  
  26  3:46  Marauder  
  26  3:47  Barracks  
  28  3:51  Marine x2  
  28  3:54  Marine  
  28  3:55  Marine  
  32  4:09  Marine x2, Factory  
  34  4:12  SCV, Marine  
  34  4:16  Missile Turret  
  36  4:36  Command Center  
  36  4:37  Terran Infantry Weapons Level 1  
  36  4:46  Missile Turret  
  36  4:58  Starport  
  36  5:01  SCV  
  36  5:06  Barracks Reactor  
  37  5:08  Marine x2  
  39  5:20  Stimpack  
  39  5:36  SCV  
  40  5:46  Missile Turret  
  40  5:48  SCV  
  39  5:54  Marine  
  39  5:55  Marine x5  
  45  5:59  Medivac  
  47  6:09  Bunker  
  47  6:18  Refinery  
  43  6:19  SCV  
  44  6:28  Marauder  
  44  6:29  Medivac  
  44  6:31  SCV  
  44  6:32  Marine x2  
  49  6:33  Marine x4  
  49  6:36  Refinery  
  55  6:43  SCV  
  56  6:50  Marauder  
  57  6:58  Planetary Fortress  
  46  7:11  Marine  
  41  7:20  Marine x2  
  41  7:21  Marine x4  
  45  7:28  Marine  
  46  7:38  Marine x4  
  46  7:44  Missile Turret  
  50  7:46  Missile Turret, Marine  
  51  7:54  SCV  
  52  7:59  SCV  
  53  8:06  SCV  
  53  8:09  Marine x2  
  53  8:10  Marine x4  
  53  8:11  SCV  
  61  8:19  SCV  
  62  8:42  Supply Depot  
  62  8:43  Supply Depot  
  62  8:44  Supply Depot  
  62  9:03  Medivac, Marine x4  
  62  9:04  SCV x2, Terran Infantry Armor Level 1  
  62  9:07  Supply Depot  
  62  9:08  Supply Depot  
  70  9:10  Supply Depot  
  70  9:11  Engineering Bay, Sensor Tower  
  70  9:16  SCV x2  
  72  9:22  Supply Depot  
  72  9:39  Medivac  
  72  9:44  Supply Depot  
  74  9:50  Marine x4  
  74  9:51  Marine  
  74  9:52  Armory  
  79  10:09  Medivac  
  81  10:14  Missile Turret  
  81  10:39  Viking  
  83  10:43  Terran Infantry Weapons Level 2  
  83  10:48  Marine x3  
  83  10:49  Marine x3  
  89  11:06  Marine x4  
  89  11:07  Marine x2  
  89  11:09  Viking  
  97  11:13  SCV  
  97  11:24  Marine  
  97  11:25  SCV, Terran Infantry Armor Level 2  
  99  11:32  Marine x4  
  102  11:35  Marauder  
  102  11:37  SCV  
  102  11:39  Viking  
  99  11:49  Marine  
  99  11:50  Marine x3  
  95  12:07  Marine  
  95  12:08  Marine x2  
  98  12:12  Marine x3  
  101  12:21  Medivac  
  103  12:24  Marauder  
  103  12:25  Marine x2  
  103  12:26  Marine  
  103  12:29  Marine  
  108  12:30  Marine x2  
  111  12:51  Medivac  
  111  12:53  Missile Turret  
  111  13:21  Medivac  
  111  13:22  Missile Turret  
  90  13:27  Marine  
  90  13:28  Marine x5  
  90  13:32  Marauder  
  75  13:45  Marine x2  
  75  13:46  Marine x4  
  81  13:51  Medivac  
  81  13:54  Marauder  
  85  13:59  Command Center  
  85  14:03  Marine x4  
  85  14:04  Marine x2  
  85  14:06  Orbital Command  
  91  14:15  Marauder  
  93  14:18  SCV  
  93  14:21  Medivac  
  96  14:30  SCV  
  92  14:37  Marauder  
  73  14:48  Factory Tech Lab  
  73  14:51  Terran Infantry Weapons Level 3  
  57  14:53  Terran Infantry Armor Level 3  
  57  14:56  Marine x2  
  57  14:57  Marine x4  
  57  14:58  Marauder  
  53  15:14  Marine x3  
  53  15:15  Reaper x2, Marine  
  50  15:28  Marine  
  50  15:32  Reaper  
  50  15:40  Siege Tank  
  52  15:46  Marine  
  50  15:50  Bunker  
  49  16:04  Marine  
  50  16:12  Siege Tank  
  50  16:17  Marine x3  
  50  16:18  Marine x3  
  58  16:22  Marine  
  60  16:33  Medivac  
  60  16:35  Marine x4  
  60  16:36  Marine x2  
  68  16:40  Marine  
  69  16:53  Marine x5  
  69  16:54  Marine  
  75  16:58  Marauder, Missile Turret  
  77  17:03  Medivac  
  79  17:10  Marine  
  79  17:11  Marine x5  
  85  17:15  SCV  
  85  17:19  Marauder  
  88  17:28  SCV  
  78  17:40  SCV, Missile Turret  
  78  17:41  Marauder  
  81  17:52  SCV  
  81  17:57  Viking  
  84  18:02  Hellion  
  84  18:03  Missile Turret  
  86  18:10  Marine  
Tags
 
Matchup
TvZ
Opening
Pool First
Replay Pack
test
Spawn Locations
Close Positions
Add a new tag
Caveats
  • Supply blocks, unpowered buildings, or Contaminate may cause inaccurate times.
  • Supply counts are checked every 10 seconds.